 Dungeon Crawl Stone Soup version 0.29-a0-819-g94b489e0ae (webtiles) character file.

Game seed: 14342780339861314772

646 porpoise the Poker (level 7, -4/39 HPs)
             Began as a Tengu Delver on July 7, 2022.
             Was a Believer of Hepliaklqana.
             Slain by a yak (13 damage)
             ... on level 5 of the Dungeon.
             The game lasted 00:20:45 (5336 turns).

porpoise the Poker (Tengu Delver)                   Turns: 5336, Time: 00:20:46

Health: -4/39      AC:  5    Str: 14    XL:     7   Next: 52%
Magic:  6/8        EV: 13    Int: 10    God:    Hepliaklqana [**....]
Gold:   247        SH:  0    Dex: 16    Spells: 6/6 levels left

rFire   . . .      SeeInvis .   a - +0 trident
rCold   . . .      Faith    .   (no shield)
rNeg    . . .      Spirit   .   o - +0 ring mail
rPois   .          Reflect  .   (helmet restricted)
rElec   .          Harm     .   (no cloak)
rCorr   .          Rampage  .   (no gloves)
Will    .....                   (boots unavailable)
Stlth   ++........              (no amulet)
HPRegen 0.13/turn               (no ring)
MPRegen 0.11/turn               (no ring)

@: flying quickly and evasively, quick
A: reduced essence, beak, talons 3, nimble flight
a: Renounce Religion, Recall Ancestor, Ancestor Identity


You were on level 5 of the Dungeon.
You worshipped Hepliaklqana.
Hepliaklqana was pleased with you.
You visited 1 branch of the dungeon, and saw 6 of its levels.

You collected 247 gold pieces.

Inventory:

Hand Weapons
 a - a +0 trident (weapon)
 b - a +0 sling
Missiles
 j - 7 boomerangs (quivered)
 m - 3 atropa-tipped darts
Armour
 o - a +0 ring mail (worn)
Magical Staves
 h - a staff of earth
 t - a staff of death
Jewellery
 s - a ring of wizardry
Wands
 g - a wand of digging (3)
Scrolls
 c - a scroll of fog
 i - a scroll of teleportation
 l - 2 scrolls of magic mapping
 p - 2 scrolls of fear
Potions
 d - a potion of might
 e - 8 potions of curing
 f - a potion of degeneration {unknown}
 k - a potion of heal wounds
 n - 2 potions of brilliance
 q - 2 potions of attraction {unknown}
 r - a potion of lignification
 v - a potion of mutation {unknown}


   Skills:
 + Level 4.9 Fighting
 * Level 6.4 Polearms
 + Level 4.0 Armour
 - Level 2.1 Dodging
 - Level 5.0 Stealth


You had 6 spell levels left.
You didn't know any spells.
Your spell library contained the following spells:

 Spells                   Type           Power      Damage    Failure   Level
 Sandblast                Erth           0%         2d4       58%         1
 Slow                     Hex            0%         N/A       58%         1
 Sting                    Tmut/Pois      0%         1d3       58%         1
 Ensorcelled Hibernation  Hex/Ice        0%         N/A       73%         2
 Poisonous Vapours        Pois/Air       0%         N/A       73%         2
 Confusing Touch          Hex            0%         N/A       91%         3
 Spider Form              Tmut/Pois      0%         N/A       91%         3
 Vampiric Draining        Necr           0%         2d6       91%         3
 Anguish                  Hex/Necr       0%         N/A       100%        4
 Animate Dead             Necr           0%         N/A       100%        4
 Corpse Rot               Necr/Pois/Air  0%         N/A       100%        4
 Fulminant Prism          Conj/Hex       0%         3d6       100%        4
 Iskenderun's Mystic Bla  Conj/Tloc      0%         2d3       100%        4
 Olgreb's Toxic Radiance  Pois           0%         N/A       100%        4
 Lee's Rapid Deconstruct  Erth           0%         3d5*      100%        5
 Haunt                    Necr/Summ      0%         N/A       100%        7
 Infestation              Necr           0%         N/A       100%        8


Dungeon Overview and Level Annotations

Branches:
Dungeon (6/15)             Temple (0/1) D:4

Altars:
Cheibriados
Dithmenos
Hepliaklqana
Sif Muna
Trog
Wu Jian

Portals:
Abyss: D:5

Annotations:
D:3 exclusion: door, Terence
D:5 2 transporters, porpoise's ghost, weakling DsDe


Innate Abilities, Weirdness & Mutations

Your life essence is reduced to manifest your ancestor. (-10% HP)
You have a beak for a mouth.
You have claws for feet.
Your magical nature lets you fly swiftly and evasively.


Message History

You start resting.
HP restored.
You fly downwards.
The yak bellows!
Found a scroll labelled SOIC LONITHRU and a scroll labelled ATASOKHLAVAE.
Found a stone staircase leading down.
There is a stone staircase leading up here.
A yak comes into view.
A necrophage comes into view.
A yak comes into view.
A yak comes into view.
You reach to attack!
You hit the yak.
The yak is lightly wounded.
You hit the yak.
The yak is lightly wounded.
The yak gores you!
You hit the yak but do no damage.
The yak is lightly wounded.
The yak gores you.
You puncture the yak! Your peck misses the yak.
The yak is lightly wounded.
The yak gores you!
You swap places.
Nikki hits the yak with a +0 flail!
Nikki blocks the yak's attack.
You reach to attack!
You hit the yak.
The yak is heavily wounded.
Nikki barely misses the yak.
The yak barely misses Nikki.
Nikki hits the yak with a +0 flail!
The necrophage barely misses you.
Nikki blocks the yak's attack.
There is a stone staircase leading up here.
Nikki hits the yak with a +0 flail!
The necrophage hits you.
The yak gores Nikki but does no damage.
You fly upwards.
Level annotation: 2 transporters, porpoise's ghost, weakling DsDe
There is a stone staircase leading down here.
Nikki is recalled.
The necrophage barely misses you. The yak gores you.
* * * LOW HITPOINT WARNING * * *
You hit the necrophage. Your kick misses the necrophage.
The necrophage is lightly damaged.
The necrophage closely misses you. The yak gores you!
You die...

#..# #.####....#..#..#©.
#..######.####...##.##..##.
#............R...#..##...##
#.†######.##.##..#.#.##....
#..# #.##.##..## 5 ###.# #..#
#.##.##...###...###
####..######...........#$.#W$.
#..........####.##....##.#..##
#.##.......Rn@Y......## #.....
#.##.......####.##..## #.####
#.##.#####.# #.....#.#. #..##
#.##.# #.# #.#...##.###...#
#.##.# #.# #.##...###......
#.##.#####.####.##....©.......
#...............##............
########################.##...
#.##.##


You could see the friendly Nikki the knight, a yak and a necrophage (ally
target).

Vanquished Creatures
  A centaur (D:5)
  2 hounds
  2 gnolls (D:5)
  3 adders
  An ufetubus (D:5)
  A dart slug (D:1)
  An orc (D:5)
  2 ball pythons (D:1)
  A bat (D:3)
  6 endoplasms
  3 giant cockroaches (D:3)
  8 goblins
  6 hobgoblins
  4 jackals (D:2)
  2 quokkas
  A frilled lizard (D:1)
  A kobold (D:3)
  6 rats
51 creatures vanquished.

Vanquished Creatures (collateral kills)
  A black bear (D:3)
  A necrophage (D:4)
  2 scorpions
  A hound (D:4)
  An orc priest (D:5)
  An iguana (D:5)
  An orc wizard (D:5)
  2 adders
  3 orcs
  A kobold (D:1)
14 creatures vanquished.

Vanquished Creatures (others)
  A knight (D:5)
1 creature vanquished.

Grand Total: 66 creatures vanquished

Notes
Turn   | Place    | Note
-------+----------+-------------------------------------------
     0 | D:5      | porpoise the Tengu Delver began the quest for the Orb.
     0 | D:5      | Reached XP level 1. HP: 14/14 MP: 2/2
    81 | D:5      | Noticed an orc wizard
    81 | D:5      | Noticed an iguana
   146 | D:5      | Noticed a scorpion
   206 | D:5      | Noticed a small abomination
   346 | D:4      | Noticed a hound
   356 | D:4      | Killed a hound
   357 | D:4      | Reached skill level 3 in Polearms
   357 | D:4      | Reached skill level 1 in Armour
   357 | D:4      | Reached XP level 2. HP: 12/19 MP: 3/3
   357 | D:4      | Reached XP level 3. HP: 15/23 MP: 4/4
   572 | D:3      | Reached XP level 4. HP: 3/28 MP: 5/5
  1094 | D:3      | Found a hazy altar of Hepliaklqana.
  1095 | D:3      | Found a shadowy altar of Dithmenos.
  1095 | D:3      | Noticed a shadow
  1100 | D:3      | Became a worshipper of Hepliaklqana the Forgotten
  1222 | D:3      | Noticed a black bear
  1275 | D:3      | Noticed Terence
  1600 | D:1      | Reached skill level 4 in Polearms
  1897 | D:1      | Reached * piety under Hepliaklqana
  2320 | D:2      | Gained mutation: Your magical nature lets you fly swiftly
                  | and evasively. [Tengu growth]
  2320 | D:2      | Reached XP level 5. HP: 27/29 MP: 6/6
  2360 | D:2      | Found a shimmering blue altar of Sif Muna.
  2498 | D:2      | Found a faded altar of an unknown god.
  2510 | D:2      | Got Plato's Precepts of Metal
  3193 | D:3      | Found a bloodstained altar of Trog.
  3299 | D:3      | Reached ** piety under Hepliaklqana
  3340 | D:3      | Killed a black bear
  3341 | D:3      | Reached XP level 6. HP: 17/34 MP: 5/7
  3793 | D:4      | Remembered your ancestor Nikki as a knight
  3805 | D:4      | Reached skill level 5 in Polearms
  3958 | D:4      | Found a staircase to the Ecumenical Temple.
  4227 | D:4      | Found an ornate altar of the Wu Jian Council.
  4765 | D:5      | Reached XP level 7. HP: 39/39 MP: 8/8
  4844 | D:5      | Found a transporter.
  4881 | D:5      | Found a snail-covered altar of Cheibriados.
  4970 | D:5      | Reached skill level 6 in Polearms
  5002 | D:5      | Found a transporter.
  5032 | D:5      | Found a one-way gate to the infinite horrors of the Abyss.
  5032 | D:5      | Noticed porpoise's ghost (weakling DsDe)
  5090 | D:5      | Noticed a small abomination
  5323 | D:6      | Noticed a yak
  5324 | D:6      | Noticed a yak
  5324 | D:6      | Noticed a yak
  5325 | D:6      | Noticed a yak
  5336 | D:5      | Slain by a yak

Illustrated notes

Levels and vault maps discovered:
D:1:      dpeg_arrival_stone_temple_mockup, layout_basic
D:2:      layout_basic, basic_altar, shapermc_ecumenical_altar_rom_forum,
          serial_park_tiny_1
D:3:      layout_basic, riverfiend_overflow_shadow_ancestor, trog_book,
          kennysheep_orc_chapel, uniq_terence
D:4:      layout_loops_ring, general_overflow_altar, minmay_temple_entry_tees
D:5:      layout_loops_ring, cheibriados_altar_1, gammafunk_ghost_abyssal_escape
D:6:      layout_rooms, nicolae_overflow_two_pavilions, item_on_display_a,
          uniq_prince_ribbit1

Skill      XL: |  1  2  3  4  5  6  7 |
---------------+----------------------+-----
Polearms       | 3 4 5 6 |  6.4
Armour         | 1 2 3 4 |  4.0
Fighting       | 4 |  4.9
Dodging        | |  2.1
Stealth        | |  5.0

Action                   |  1- 3 |  4- 6 |  7- 9 || total
-------------------------+-------+-------+-------++-------
Melee: Spear             |    26 |    28 |       ||    54
       Peck              |     4 |    12 |     3 ||    19
       Kick              |     5 |    15 |     9 ||    29
       Trident           |       |    74 |    35 ||   109
 Fire: Sling             |       |    30 |     2 ||    32
Invok: Ancestor Identity |       |     1 |       ||     1
       Recall Ancestor   |       |     4 |     1 ||     5
       Ancestor Life: Kn |       |     1 |       ||     1
  Use: Potion            |     2 |       |       ||     2
       Scroll            |       |    11 |       ||    11
 Stab: Sleeping          |       |     7 |       ||     7
       Distracted        |       |     1 |       ||     1
Armor: Leather armour    |     6 |     5 |       ||    11
       Ring mail         |       |     8 |     7 ||    15
Dodge: Dodged            |    19 |    56 |    21 ||    96

Table legend: (Time is in decaauts)
 A = Elapsed time spent in this place.
 B = Non-inter-level travel time spent in this place.
 C = Inter-level travel time spent in this place.
 D = Time resting spent in this place.
 E = Time spent auto-exploring this place.
 F = Levels seen in this place.
 G = Mean time per level.
                   A        B        C        D        E       F      G
               +--------+--------+--------+--------+--------+-----+--------+
         Total |   5125 |   4897 |    228 |   1459 |   2137 |   6 |  854.2 |
       Dungeon |   5125 |   4897 |    228 |   1459 |   2137 |   6 |  854.2 |
               +--------+--------+--------+--------+--------+-----+--------+

Top non-repeatable levels by time:
     D:3: 1523 daAuts
     D:5: 1125 daAuts
     D:4: 887 daAuts
     D:1: 828 daAuts
     D:2: 748 daAuts
     D:6: 13 daAuts
